[ AOE2 MATCH · #478418668 ]
UnrankedFranks vs Vikings
[ REPLAY ANALYSIS · EXTRACTED FROM THE RECORDED GAME ]
Feudal
12:25
Castle
—
Imperial
—
| APM avg | 30.1 |
| APM peak | 79 |
| eAPM avg | 11.0 |
| Villagers / military | 35 / 11 |
Focus
⚔️ 11.9% · 🌾 88.1%
Militia ×11
Feudal
—
Castle
—
Imperial
—
| APM avg | 1.3 |
| APM peak | 18 |
| eAPM avg | 1.1 |
| Villagers / military | 4 / 0 |
Focus
⚔️ 0.0% · 🌾 100.0%
Feudal
11:24
Castle
19:12
Imperial
—
| APM avg | 10.8 |
| APM peak | 34 |
| eAPM avg | 6.4 |
| Villagers / military | 33 / 0 |
Focus
⚔️ 13.2% · 🌾 86.8%
Feudal
—
Castle
—
Imperial
—
| APM avg | 2.1 |
| APM peak | 38 |
| eAPM avg | 0.9 |
| Villagers / military | 4 / 0 |
Focus
⚔️ 7.1% · 🌾 92.9%
Feudal
13:35
Castle
—
Imperial
—
| APM avg | 25.8 |
| APM peak | 59 |
| eAPM avg | 9.5 |
| Villagers / military | 41 / 0 |
Focus
⚔️ 7.9% · 🌾 92.1%
Feudal
14:57
Castle
—
Imperial
—
| APM avg | 11.8 |
| APM peak | 26 |
| eAPM avg | 8.8 |
| Villagers / military | 51 / 51 |
Focus
⚔️ 44.6% · 🌾 55.4%
Spearman ×17 · Militia ×15 · Skirmisher ×15 · Archer ×4
Feudal
12:40
Castle
—
Imperial
—
| APM avg | 9.8 |
| APM peak | 19 |
| eAPM avg | 7.2 |
| Villagers / military | 42 / 10 |
Focus
⚔️ 12.8% · 🌾 87.2%
Scout Cavalry ×10
Feudal
—
Castle
—
Imperial
—
| APM avg | 7.0 |
| APM peak | 68 |
| eAPM avg | 1.0 |
| Villagers / military | 6 / 0 |
Focus
⚔️ 0.0% · 🌾 100.0%
Match map
Initial resources + every placement click. Lines = walls · curves = elevation contours. ◆ gold · ⬟ stone · ● berries · ✦ relic · ◌ wall gap
Your base· ✓ Closed at 12:00 · 0t walls · 3 gate(s)
Omarciano's base· ✓ Closed at 12:00 · 0t walls · 2 gate(s)
Tradermots's base· ✓ Closed at 19:12 · 0t walls · 2 gate(s)
Twixxo's base· ✓ Closed at 12:00 · 0t walls · 2 gate(s)
Madafuke's base· ✓ Closed at 12:00 · 0t walls · 2 gate(s)
musty's base· ✓ Closed at 12:00 · 0t walls · 3 gate(s)
Gussy's base· ✓ Closed at 12:00 · 0t walls · 3 gate(s)
金将军's base· ✓ Closed at 12:00 · 0t walls · 3 gate(s)
Smoothed initial terrain · ◌ = detected wall gap · hover for details
Inputs per minute
— Brian23 - - Omarciano
Build order — Brian23
64 actions detected in the replay
| 0:04 | Build | House |
| 0:05 | Build | House |
| 0:06 | Create | Villager (Male) |
| 0:06 | Create | Villager (Male) |
| 0:07 | Create | Villager (Male) |
| 0:07 | Create | Villager (Male) |
| 0:07 | Create | Villager (Male) |
| 1:50 | Create | Villager (Male) |
| 1:50 | Create | Villager (Male) |
| 2:03 | Create | Villager (Male) |
| 2:04 | Create | Villager (Male) |
| 2:43 | Build | Lumber Camp |
| 3:02 | Create | Villager (Male) |
| 3:02 | Create | Villager (Male) |
| 3:02 | Create | Villager (Male) |
| 3:13 | Build | House |
| 3:38 | Create | Villager (Male) |
| 3:38 | Create | Villager (Male) |
| 4:03 | Research | Loom |
| 4:05 | Create | Villager (Male) |
| 4:05 | Create | Villager (Male) |
| 4:06 | Create | Villager (Male) |
| 4:45 | Create | Villager (Male) |
| 4:46 | Create | Villager (Male) |
| 5:08 | Build | House |
| 6:24 | Create | Villager (Male) |
| 6:25 | Create | Villager (Male) |
| 6:25 | Create | Villager (Male) |
| 6:25 | Create | Villager (Male) |
| 6:25 | Create | Villager (Male) |
| 7:07 | Create | Villager (Male) |
| 8:34 | Create | Villager (Male) |
| 8:35 | Create | Villager (Male) |
| 8:35 | Create | Villager (Male) |
| 8:35 | Create | Villager (Male) |
| 8:36 | Create | Villager (Male) |
| 8:45 | Build | House |
| 8:49 | Build | House |
| 9:08 | Build | Mill |
| 9:39 | Research | Feudal Age |
| 12:25 | Age | Feudal Age |
| 13:33 | Build | Barracks |
| 13:56 | Create | Villager (Male) ×5 |
| 14:17 | Research | Man-at-Arms (upgrade) |
| 14:34 | Build | House |
| 14:50 | Build | Mining Camp |
| 15:06 | Build | Farm |
| 15:07 | Build | Farm |
| 15:08 | Build | Farm |
| 15:09 | Build | Farm |
| 15:10 | Build | Farm |
| 15:11 | Build | Farm |
| 15:13 | Build | Farm |
| 15:58 | Build | Mill |
| 16:11 | Build | Town Center |
| 16:30 | Create | Militia ×4 |
| 16:31 | Create | Militia ×4 |
| 17:27 | Research | Arson |
| 17:40 | Build | Blacksmith |
| 17:47 | Create | Militia ×3 |
| 18:46 | Research | Scale Mail Armor |
| 18:48 | Research | Forging |
| 18:55 | Research | Fletching |
| 18:56 | Research | Forging |
Build order — Omarciano
6 actions detected in the replay
| 0:03 | Create | Villager (Male) |
| 0:04 | Create | Villager (Male) |
| 0:04 | Create | Villager (Male) |
| 0:04 | Create | Villager (Male) |
| 0:07 | Build | House |
| 0:10 | Build | House |
Build order — Tradermots
55 actions detected in the replay
| 0:01 | Create | Villager (Male) |
| 0:02 | Research | Loom |
| 0:02 | Create | Villager (Male) |
| 0:02 | Create | Villager (Male) |
| 0:03 | Create | Villager (Male) |
| 0:03 | Create | Villager (Male) |
| 1:47 | Create | Villager (Male) |
| 1:47 | Create | Villager (Male) |
| 2:13 | Create | Villager (Male) |
| 2:13 | Create | Villager (Male) |
| 3:17 | Create | Villager (Male) ×3 |
| 4:30 | Create | Villager (Male) |
| 4:30 | Create | Villager (Male) |
| 4:31 | Create | Villager (Male) |
| 4:31 | Create | Villager (Male) |
| 4:31 | Create | Villager (Male) |
| 4:32 | Create | Villager (Male) |
| 5:30 | Build | Lumber Camp |
| 6:44 | Create | Villager (Male) |
| 6:44 | Create | Villager (Male) |
| 6:45 | Create | Villager (Male) |
| 6:52 | Create | Villager (Male) |
| 8:04 | Build | Mill |
| 8:12 | Create | Villager (Male) |
| 8:12 | Create | Villager (Male) |
| 9:12 | Research | Feudal Age |
| 9:26 | Build | Barracks |
| 10:45 | Build | Mining Camp |
| 11:00 | Build | Mining Camp |
| 11:24 | Age | Feudal Age |
| 11:39 | Build | Mill |
| 12:24 | Create | Villager (Male) |
| 12:25 | Create | Villager (Male) |
| 12:25 | Create | Villager (Male) |
| 12:25 | Create | Villager (Male) |
| 12:45 | Build | Blacksmith |
| 13:30 | Build | Stable |
| 13:42 | Build | Stable |
| 13:53 | Build | Stable |
| 14:03 | Create | Villager (Male) |
| 14:04 | Create | Villager (Male) |
| 14:33 | Create | Villager (Male) |
| 14:39 | Build | Farm |
| 14:40 | Build | Farm |
| 14:41 | Build | Farm |
| 14:42 | Build | Farm |
| 14:47 | Create | Villager (Male) |
| 14:49 | Create | Villager (Male) |
| 16:25 | Build | Farm |
| 16:32 | Research | Castle Age |
| 16:32 | Research | Castle Age |
| 17:37 | Research | Wheelbarrow |
| 19:12 | Age | Castle Age |
| 19:16 | Build | Town Center |
| 20:10 | Build | Castle |
Build order — Twixxo
6 actions detected in the replay
| 0:02 | Create | Villager (Male) |
| 0:05 | Build | House |
| 0:14 | Create | Villager (Male) |
| 0:23 | Create | Villager (Male) |
| 0:27 | Build | House |
| 1:00 | Create | Villager (Male) |
Build order — Madafuke
53 actions detected in the replay
| 0:04 | Create | Villager (Male) |
| 0:05 | Create | Villager (Male) |
| 0:05 | Create | Villager (Male) |
| 0:05 | Create | Villager (Male) |
| 0:05 | Create | Villager (Male) |
| 0:14 | Build | House |
| 0:15 | Build | House |
| 1:36 | Build | Mill |
| 1:42 | Create | Villager (Male) |
| 1:42 | Create | Villager (Male) |
| 2:18 | Create | Villager (Male) |
| 2:18 | Create | Villager (Male) |
| 2:56 | Create | Villager (Male) |
| 2:57 | Create | Villager (Male) |
| 4:15 | Create | Villager (Male) |
| 4:15 | Create | Villager (Male) |
| 4:15 | Create | Villager (Male) |
| 4:16 | Create | Villager (Male) |
| 6:10 | Create | Villager (Male) |
| 6:10 | Create | Villager (Male) |
| 6:10 | Create | Villager (Male) |
| 6:10 | Create | Villager (Male) |
| 6:11 | Create | Villager (Male) |
| 6:13 | Create | Villager (Male) |
| 6:19 | Create | Villager (Male) |
| 6:19 | Create | Villager (Male) |
| 6:29 | Build | House |
| 6:31 | Build | House |
| 6:44 | Create | Villager (Male) |
| 6:44 | Create | Villager (Male) |
| 6:44 | Create | Villager (Male) |
| 7:53 | Create | Villager (Male) |
| 7:53 | Create | Villager (Male) |
| 7:53 | Create | Villager (Male) |
| 7:54 | Create | Villager (Male) |
| 9:45 | Build | Lumber Camp |
| 10:21 | Create | Villager (Male) |
| 10:21 | Create | Villager (Male) |
| 10:31 | Research | Feudal Age |
| 11:49 | Research | Loom |
| 11:53 | Create | Villager (Male) |
| 11:53 | Create | Villager (Male) |
| 11:54 | Create | Villager (Male) |
| 11:54 | Create | Villager (Male) |
| 11:54 | Create | Villager (Male) |
| 11:54 | Create | Villager (Male) |
| 13:35 | Age | Feudal Age |
| 14:01 | Build | Watch Tower |
| 15:54 | Create | Villager (Male) |
| 15:54 | Create | Villager (Male) |
| 15:54 | Create | Villager (Male) |
| 19:12 | Build | Mining Camp |
| 21:08 | Build | Town Center |
Build order — musty
121 actions detected in the replay
| 0:08 | Create | Villager (Male) |
| 0:08 | Create | Villager (Male) |
| 0:09 | Create | Villager (Male) |
| 0:09 | Create | Villager (Male) |
| 0:09 | Create | Villager (Male) |
| 0:09 | Create | Villager (Male) |
| 0:09 | Create | Villager (Male) |
| 0:09 | Create | Villager (Male) |
| 0:24 | Build | House |
| 0:26 | Build | House |
| 2:29 | Create | Villager (Male) |
| 2:29 | Create | Villager (Male) |
| 2:29 | Create | Villager (Male) |
| 2:29 | Create | Villager (Male) |
| 3:42 | Build | Lumber Camp |
| 4:19 | Create | Villager (Male) |
| 4:19 | Create | Villager (Male) |
| 4:19 | Create | Villager (Male) |
| 4:19 | Create | Villager (Male) |
| 4:19 | Create | Villager (Male) |
| 4:19 | Create | Villager (Male) |
| 4:19 | Create | Villager (Male) |
| 4:39 | Create | Villager (Male) |
| 4:40 | Create | Villager (Male) |
| 4:40 | Create | Villager (Male) |
| 5:24 | Build | House |
| 6:39 | Create | Villager (Male) |
| 6:39 | Create | Villager (Male) |
| 6:39 | Create | Villager (Male) |
| 6:39 | Create | Villager (Male) |
| 6:39 | Create | Villager (Male) |
| 6:39 | Create | Villager (Male) |
| 6:39 | Create | Villager (Male) |
| 6:40 | Create | Villager (Male) |
| 6:40 | Create | Villager (Male) |
| 7:20 | Build | House |
| 8:44 | Build | House |
| 9:00 | Build | Barracks |
| 9:18 | Build | Mill |
| 9:23 | Create | Villager (Male) |
| 9:49 | Build | Mill |
| 11:07 | Create | Villager (Male) |
| 11:07 | Create | Villager (Male) |
| 11:07 | Create | Villager (Male) |
| 11:07 | Create | Villager (Male) |
| 11:08 | Create | Villager (Male) |
| 11:08 | Create | Villager (Male) |
| 11:08 | Create | Villager (Male) |
| 11:08 | Create | Villager (Male) |
| 11:08 | Create | Villager (Male) |
| 11:08 | Create | Villager (Male) |
| 12:00 | Research | Feudal Age |
| 12:01 | Research | Loom |
| 12:04 | Create | Villager (Male) |
| 12:04 | Create | Villager (Male) |
| 12:04 | Create | Villager (Male) |
| 12:04 | Create | Villager (Male) |
| 12:14 | Build | Mining Camp |
| 12:31 | Build | Mining Camp |
| 13:17 | Create | Militia |
| 13:17 | Create | Militia |
| 13:17 | Create | Militia |
| 13:17 | Create | Militia |
| 13:17 | Create | Militia |
| 13:17 | Create | Militia |
| 14:01 | Create | Militia |
| 14:01 | Create | Militia |
| 14:01 | Create | Militia |
| 14:01 | Create | Militia |
| 14:17 | Build | House |
| 14:34 | Create | Militia |
| 14:34 | Create | Militia |
| 14:34 | Create | Militia |
| 14:34 | Create | Militia |
| 14:34 | Create | Militia |
| 14:57 | Age | Feudal Age |
| 14:59 | Create | Spearman |
| 14:59 | Create | Spearman |
| 14:59 | Create | Spearman |
| 14:59 | Create | Spearman |
| 15:00 | Create | Spearman |
| 15:00 | Create | Spearman |
| 15:00 | Create | Spearman |
| 15:00 | Create | Spearman |
| 15:00 | Create | Spearman |
| 15:00 | Create | Spearman |
| 15:00 | Create | Spearman |
| 15:01 | Create | Spearman |
| 15:01 | Create | Spearman |
| 15:01 | Create | Spearman |
| 15:01 | Create | Spearman |
| 15:01 | Create | Spearman |
| 15:01 | Create | Spearman |
| 15:17 | Build | Watch Tower |
| 16:36 | Create | Villager (Male) |
| 16:36 | Create | Villager (Male) |
| 16:36 | Create | Villager (Male) |
| 16:36 | Create | Villager (Male) |
| 16:36 | Create | Villager (Male) |
| 19:01 | Build | Archery Range |
| 20:10 | Build | Stable |
| 20:13 | Create | Archer |
| 20:13 | Create | Archer |
| 20:13 | Create | Archer |
| 20:13 | Create | Archer |
| 20:15 | Create | Skirmisher |
| 20:15 | Create | Skirmisher |
| 20:15 | Create | Skirmisher |
| 20:15 | Create | Skirmisher |
| 20:16 | Create | Skirmisher |
| 20:16 | Create | Skirmisher |
| 20:16 | Create | Skirmisher |
| 20:16 | Create | Skirmisher |
| 20:16 | Create | Skirmisher |
| 20:16 | Create | Skirmisher |
| 20:17 | Create | Skirmisher |
| 20:17 | Create | Skirmisher |
| 20:17 | Create | Skirmisher |
| 20:17 | Create | Skirmisher |
| 20:17 | Create | Skirmisher |
| 20:48 | Build | House |
Build order — Gussy
90 actions detected in the replay
| 0:06 | Create | Villager (Male) ×4 |
| 0:09 | Build | House |
| 0:11 | Build | House |
| 1:39 | Create | Villager (Male) |
| 1:53 | Build | Lumber Camp |
| 2:16 | Create | Villager (Male) |
| 2:39 | Create | Villager (Male) |
| 3:14 | Create | Villager (Male) |
| 3:36 | Create | Villager (Male) |
| 4:00 | Build | Mill |
| 4:04 | Create | Villager (Male) |
| 4:19 | Create | Villager (Male) |
| 4:51 | Create | Villager (Male) |
| 5:22 | Create | Villager (Male) |
| 6:04 | Create | Villager (Male) |
| 6:04 | Create | Villager (Male) |
| 6:05 | Create | Villager (Male) |
| 6:22 | Create | Villager (Male) |
| 6:32 | Build | House |
| 6:35 | Build | House |
| 6:53 | Create | Villager (Male) |
| 7:28 | Build | Mill |
| 7:32 | Create | Villager (Male) |
| 7:35 | Create | Villager (Male) |
| 7:48 | Create | Villager (Male) |
| 8:32 | Create | Villager (Male) |
| 8:54 | Create | Villager (Male) |
| 9:03 | Build | Mining Camp |
| 9:28 | Research | Loom |
| 10:30 | Research | Feudal Age |
| 10:33 | Create | Villager (Male) ×2 |
| 11:11 | Build | Farm |
| 11:11 | Build | Farm |
| 11:11 | Build | Farm |
| 11:11 | Build | Farm |
| 12:19 | Create | Villager (Male) |
| 12:20 | Create | Villager (Male) |
| 12:21 | Create | Villager (Male) |
| 12:40 | Age | Feudal Age |
| 12:57 | Research | Horse Collar |
| 13:02 | Research | Double-Bit Axe |
| 13:12 | Build | Barracks |
| 13:16 | Build | Blacksmith |
| 13:23 | Create | Villager (Male) |
| 13:24 | Create | Villager (Male) |
| 13:47 | Create | Villager (Male) |
| 13:54 | Research | Town Watch |
| 14:04 | Build | Market |
| 14:36 | Build | Stable |
| 15:07 | Research | Forging |
| 15:17 | Create | Villager (Male) |
| 15:27 | Build | Mining Camp |
| 15:30 | Create | Villager (Male) |
| 15:38 | Build | Farm |
| 15:52 | Create | Villager (Male) |
| 15:57 | Create | Scout Cavalry |
| 16:00 | Create | Scout Cavalry ×4 |
| 16:06 | Build | House |
| 16:07 | Build | House |
| 16:08 | Build | House |
| 16:09 | Build | House |
| 16:16 | Research | Bloodlines |
| 16:58 | Build | Farm |
| 16:58 | Build | Farm |
| 16:58 | Build | Farm |
| 16:59 | Build | Farm |
| 16:59 | Build | Farm |
| 16:59 | Build | Farm |
| 17:20 | Create | Villager (Male) |
| 17:20 | Create | Villager (Male) |
| 17:20 | Create | Villager (Male) |
| 17:26 | Build | Farm |
| 17:31 | Build | Farm |
| 17:47 | Build | Farm |
| 17:57 | Create | Scout Cavalry |
| 17:57 | Create | Scout Cavalry |
| 17:59 | Create | Scout Cavalry |
| 18:12 | Build | House |
| 18:13 | Build | House |
| 18:44 | Build | Farm |
| 18:47 | Create | Villager (Male) |
| 18:47 | Create | Villager (Male) |
| 18:48 | Create | Villager (Male) |
| 18:53 | Create | Scout Cavalry |
| 18:53 | Create | Scout Cavalry |
| 19:33 | Build | Lumber Camp |
| 19:46 | Build | Farm |
| 20:34 | Research | Town Watch |
| 20:42 | Create | Villager (Male) |
| 20:43 | Create | Villager (Male) |
Build order — 金将军
9 actions detected in the replay
| 0:03 | Create | Villager (Male) |
| 0:03 | Create | Villager (Male) |
| 0:04 | Create | Villager (Male) |
| 0:04 | Create | Villager (Male) |
| 0:07 | Build | House |
| 0:11 | Build | House |
| 1:30 | Create | Villager (Male) |
| 2:13 | Create | Villager (Male) |
| 2:16 | Build | Lumber Camp |
Match timeline
| 1:25 | Twixxo · resign |
| 9:00 | musty · first_building Barracks |
| 9:26 | Tradermots · first_building Barracks |
| 11:24 | Tradermots · age_up feudal |
| 12:25 | Brian23 · age_up feudal |
| 12:40 | Gussy · age_up feudal |
| 13:12 | Gussy · first_building Barracks |
| 13:30 | Tradermots · first_building Stable |
| 13:33 | Brian23 · first_building Barracks |
| 13:35 | Madafuke · age_up feudal |
| 14:36 | Gussy · first_building Stable |
| 14:57 | musty · age_up feudal |
| 19:01 | musty · first_building Archery Range |
| 19:12 | Tradermots · age_up castle |
| 20:10 | Tradermots · first_building Castle |
| 20:10 | musty · first_building Stable |
[ AI ANALYSIS · 1 CREDIT ]
What really happened in this match?
Wolo.gg analyzes every decision: build order, eco, micro, common mistakes by bracket. Personalized analysis on WhatsApp or Discord in 30 seconds.
Civ guide
Franks
Perfil
Jugador #24433821